 Dungeon Crawl Stone Soup version 0.19.5 (webtiles) character file.

928 Kosschaser the Cleaver (level 8, 0/70 HPs)
             Began as a Hill Orc Berserker on May 24, 2017.
             Was a Priest of Trog.
             Shot with an arrow by a centaur (4 damage)
             ... on level 5 of the Dungeon on May 25, 2017.
             The game lasted 00:18:27 (4739 turns).

Kosschaser the Cleaver (Hill Orc Berserker)         Turns: 4739, Time: 00:18:27

Health: 0/70       AC:  6    Str: 27    XL:     8   Next: 11%
Magic:  8/8        EV: 13    Int:  7    God:    Trog [***...]
Gold:   51         SH:  0    Dex: 13    Spells: 0 memorised, 7 levels left

rFire  + . .     SeeInvis .     a - +0 hand axe
rCold  x . .     Gourm    .     b - +0 animal skin
rNeg   . . .     Faith    .     (no shield)
rPois  +         Spirit   .     u - +0 helmet
rElec  .         Reflect  .     C - +1 cloak
rCorr  .         Harm     .     (no gloves)
MR     ++...                    h - +0 pair of boots
Stlth  ++........               (no amulet)
                                w - ring of stealth
                                H - ring "Aloul" {Fire *Contam rPois Str+5 Dex+3}

@: regenerating
A: no striking features
a: Berserk, Trog's Hand, Burn Spellbooks, Renounce Religion


You were on level 5 of the Dungeon.
You worshipped Trog.
Trog was most pleased with you.
You were not hungry.

You visited 1 branch of the dungeon, and saw 5 of its levels.

You collected 226 gold pieces.
You spent 175 gold pieces at shops.

Inventory:

Hand Weapons
 a - a +0 hand axe (weapon)
Armour
 b - a +0 animal skin (worn)
 h - a +0 pair of boots (worn)
 u - a +0 helmet (worn)
 C - a +1 cloak (worn)
Jewellery
 g - an uncursed amulet of magic regeneration
 l - an uncursed ring of magical power
 w - a ring of stealth (right hand)
 H - the ring "Aloul" (left hand) {Fire *Contam rPois Str+5 Dex+3}
   (You bought it in a shop on level 5 of the Dungeon)

   [ring of fire]

   It enhances your fire magic.
   It affects your strength (+5).
   It affects your dexterity (+3).
   It protects you from fire.
   It makes you vulnerable to cold.
   It protects you from poison.
   It causes magical contamination when unequipped.
Wands
 t - a wand of teleportation (4/9)
 y - a wand of polymorph (0/24)
Scrolls
 e - a scroll of remove curse
 k - a scroll of magic mapping
 o - 2 scrolls of enchant weapon
 p - a scroll of enchant armour
 r - 3 scrolls of teleportation {unknown}
 z - a scroll of noise {unknown}
 A - a scroll of fear
 E - a scroll of fog {unknown}
Potions
 d - 3 potions of lignification
 f - a potion of might {unknown}
 i - a potion of heal wounds {unknown}
 n - 2 potions of agility {unknown}
 q - a potion of degeneration {unknown}
 s - 3 potions of curing {unknown}
 v - a potion of brilliance {unknown}
 x - a potion of beneficial mutation {unknown}
 B - 2 potions of mutation {unknown}
 D - 2 potions of haste {unknown}
Comestibles
 c - 5 bread rations
 j - 2 meat rations
 m - a beef jerky
 F - a royal jelly


   Skills:
 + Level 5.8 Fighting
 + Level 9.8 Axes
 + Level 2.5 Armour
 + Level 3.5 Dodging
 - Level 0.5 Stealth
 + Level 1.0 Unarmed Combat


You had 7 spell levels left.
You didn't know any spells.

Dungeon Overview and Level Annotations

Branches:
Dungeon (5/15)
 Temple: D:4-7

Altars:
Kikubaaqudgha
Yredelemnul

Shops:
D:5 *


Message History

You feel somewhat more hungry.
The centaur shoots an arrow.
The arrow misses you.
A quokka comes into view.
The centaur shoots an arrow.
The arrow barely misses you.
The centaur shoots an arrow.
The arrow hits you!
* * * LOW HITPOINT WARNING * * *
The centaur shoots an arrow.
The arrow barely misses you.
Found a scroll labeled CINO VENNOFRO.
The centaur shoots an arrow.
The arrow closely misses you.
The centaur shoots an arrow.
The arrow misses you.
You see here an arrow.
The centaur shoots an arrow.
The arrow closely misses you.
You see here 4 arrows.
The centaur shoots an arrow.
The arrow hits you.
* * * LOW HITPOINT WARNING * * *
You feel less exhausted.
The centaur shoots an arrow.
The arrow hits you!
* * * LOW HITPOINT WARNING * * *
The centaur shoots an arrow.
The arrow hits you.
You die...

##..(####..#.#...........
####..c## #...∩...[........
#........# ##..#.#...........
......##.###...#..(....#.....
...?## #.....................
.## #.##.........(.....###.
## ##..#..##.....### #####
##.#######...###... ##...###
#@.# ###.)....#
##......#####.##..#..)....##
##..###....##.### #.."#....#
##..##
#.........###..###.#...#
##..## ##.............##
#.#.### ...##
##.......#......# ##.#..
#######..###...##....##
.##...# ##...##
##.###....###.... # #...##
#..# #.......#


You could see a centaur.

Vanquished Creatures
  Grinder (D:3)
  Sigmund (D:4)
  2 centaurs (D:5)
  2 big kobolds (D:3)
  A bullfrog zombie (D:5)
  An orc wizard (D:3)
  A hound (D:4)
  Crazy Yiuf (D:3)
  A hound skeleton (D:3)
  2 adders (D:3)
  A shadow imp (D:5)
  An ooze (D:2)
  2 worms (D:3)
  2 dart slugs (D:1)
  5 leopard geckos
  5 orcs
  A ball python (D:2)
  5 giant cockroaches
  9 goblins
  15 hobgoblins
  15 kobolds
  4 quokkas
  9 bats
  10 frilled lizards
  2 gnoll zombies (D:3)
  4 rats
103 creatures vanquished.

Notes
Turn   | Place    | Note
-------+----------+-------------------------------------------
     0 | D:1      | Kosschaser the Hill Orc Berserker began the quest for the Orb.
     0 | D:1      | Reached XP level 1. HP: 19/19 MP: 1/1
   205 | D:1      | Reached XP level 2. HP: 23/27 MP: 2/2
   603 | D:1      | Reached skill level 5 in Axes
   603 | D:1      | Reached XP level 3. HP: 33/33 MP: 3/3
   713 | D:1      | Reached ** piety under Trog
  1512 | D:2      | Reached XP level 4. HP: 31/40 MP: 4/4
  1678 | D:3      | Noticed Grinder
  1947 | D:3      | Reached skill level 6 in Axes
  1947 | D:3      | Reached XP level 5. HP: 22/46 MP: 5/5
  2489 | D:3      | Paralysed by Grinder for 2 turns
  2523 | D:3      | Killed Grinder
  2523 | D:3      | Reached skill level 7 in Axes
  2523 | D:3      | Reached XP level 6. HP: 18/55 MP: 6/6
  2712 | D:3      | Reached skill level 5 in Fighting
  2712 | D:3      | Reached skill level 8 in Axes
  2955 | D:3      | Reached skill level 1 in Unarmed Combat
  2955 | D:3      | Reached XP level 7. HP: 55/61 MP: 7/7
  3017 | D:3      | Found an ancient bone altar of Kikubaaqudgha.
  3148 | D:3      | Found a runed door.
  3152 | D:3      | Noticed Crazy Yiuf
  3166 | D:3      | Killed Crazy Yiuf
  3290 | D:3      | Reached *** piety under Trog
  3291 | D:3      | Found a basalt altar of Yredelemnul.
  3865 | D:4      | Noticed Sigmund
  3887 | D:4      | Killed Sigmund
  3887 | D:4      | Reached skill level 9 in Axes
  4538 | D:5      | Entered Level 5 of the Dungeon
  4664 | D:5      | Found Byegg's Assorted Antiques.
  4671 | D:5      | Bought a sparkling silver ring for 125 gold pieces
  4671 | D:5      | Bought a scroll of identify for 50 gold pieces
  4672 | D:5      | Identified the ring "Aloul" {Fire *Contam rPois Str+5 Dex+3} (You bought it in a shop on level 5 of the Dungeon)
  4691 | D:5      | Reached XP level 8. HP: 55/69 MP: 8/8
  4738 | D:5      | HP: 3/70 [centaur/arrow (9)]
  4739 | D:5      | Shot with an arrow by a centaur

Skill      XL: |  1  2  3  4  5  6  7 |
---------------+----------------------+-----
Axes           | 5 6 7 8 9 |  9.8
Fighting       | 4 5 |  5.8
Dodging        | 2 3 |  3.5
Unarmed Combat | 1 |  1.0
Armour         | |  2.5
Stealth        | |  0.5

Action                   |  1- 3 |  4- 6 |  7- 9 || total
-------------------------+-------+-------+-------++-------
Melee: Hand axe          |   139 |   148 |   161 ||   448
       Unarmed           |       |     7 |       ||     7
       Punch             |       |       |     1 ||     1
Invok: Berserk           |       |     2 |     1 ||     3
       Trog's Hand       |       |     3 |     2 ||     5
  Use: Scroll            |       |       |     7 ||     7
 Stab: Sleeping          |     1 |       |     1 ||     2
  Eat: Chunk             |     2 |     8 |     3 ||    13
       Bread ration      |       |       |     1 ||     1
Armor: Animal skin       |    39 |    33 |    36 ||   108
Dodge: Dodged            |    72 |    81 |    90 ||   243
